[Event "Pia Cramling Ladies Open 2018"]
[Site "Stockholm"]
[Date "2018.09.02"]
[Round "6"]
[White "Johansson, Eva"]
[Black "Mariano-Wågman, Christine Rose"]
[Result "0-1"]
[ECO "E91"]
[WhiteElo "1881"]
[BlackElo "2084"]
[Annotator "NA"]
[PlyCount "108"]
[EventDate "2018.09.01"]
[EventType "swiss"]
[EventCountry "SWE"]
[SourceTitle "playchess.com"]
[Source "ChessBase"]
[SourceQuality "1"]
[TimeControl "1800+10"]

1. d4 Nf6 2. c4 g6 3. Nc3 Bg7 4. e4 d6 5. Nf3 {[%emt 0:00:21] LiveBook: 30080 Games} O-O 6. Be2 c6 7. O-O Nbd7 8. Bg5 h6 9. Be3 Qc7 10. h3 e5 11. Qd2 {[%emt 0:02:21] E91: King's Indian: Classical: 6 Be2, unusual replies including 6...c5 and 6...Bg4} (11. d5 Kh7 12. Ne1 Ng8 13. Nd3 Nb6 14. c5 Nc4 15. cxd6 Nxd6 16. Rc1 f5 17. f3 fxe4 18. fxe4 Rxf1+ 19. Bxf1 {1-0 (29) Riska,L (2208)-Sudrich,R (2111) Czechia 2011}) 11... Kh7 12. Rfd1 $146 ({Predecessor:} 12. b4 exd4 13. Nxd4 Re8 14. Qc2 a5 15. a3 axb4 16. axb4 Rxa1 17. Rxa1 b5 18. cxb5 c5 {1-0 (27) Juksta,K (2022)-Slivinskas,V Klaipeda 2016}) 12... Ne8 13. dxe5 dxe5 14. Ne1 f5 15. f3 f4 16. Bf2 Rf7 17. c5 Bf8 18. b4 Qd8 19. Nd3 Qg5 20. Qe1 Be7 21. Rd2 Nf8 22. Kh2 Rg7 23. Nb2 Qh5 24. Nc4 Nf6 25. Nd6 Ne6 26. Rad1 Ng5 27. Nxc8 Rxc8 28. a4 Ne6 29. Bc4 Nf8 30. Nb1 g5 31. Be2 Qg6 32. g4 h5 33. Kg2 Kh8 34. Bc4 Rh7 35. Kf1 hxg4 36. hxg4 Rh1+ 37. Bg1 Qh6 38. Rg2 Qh3 39. Qf2 Nxg4 40. fxg4 f3 41. Rd3 fxg2+ 42. Qxg2 Qxg2+ 43. Kxg2 Rh4 44. Kg3 Ng6 45. Be6 Rd8 46. Rxd8+ Bxd8 47. Nd2 Nf4 48. Bf5 Rh3+ 49. Kf2 Ra3 50. Nc4 Rxa4 51. Nxe5 Bf6 $19 52. Ng6+ Kg7 53. Ke3 Ra3+ 54. Kd2 Nxg6 0-1

[Event "Pia Cramling Ladies Open 2018"]
[Site "Stockholm"]
[Date "2018.09.02"]
[Round "6"]
[White "Berg, Maria"]
[Black "Tetenkina, Irina"]
[Result "0-1"]
[ECO "C02"]
[WhiteElo "1722"]
[BlackElo "2214"]
[Annotator "NA"]
[PlyCount "58"]
[EventDate "2018.09.01"]
[EventType "swiss"]
[EventCountry "SWE"]
[SourceTitle "playchess.com"]
[Source "ChessBase"]
[SourceQuality "1"]
[TimeControl "1800+10"]

1. e4 e6 2. d4 d5 3. e5 c5 4. c3 Nc6 5. Nf3 Qb6 6. Be2 Bd7 7. O-O Nge7 8. dxc5 Qxc5 9. Be3 {[%emt 0:00:03] C02: French: Advance Variation} Qa5 10. Bd4 ({Better is} 10. c4 $14) (10. Nbd2 Qc7 11. Re1 Nxe5 12. Nxe5 Qxe5 13. Bd4 Qc7 14. Bh5 Ng6 15. Nf3 f6 16. Qd3 Be7 17. Bxg6+ hxg6 18. Qxg6+ {0-1 (36) Sevdimaliyev,U (2479)-Mammadov,Z (2482) Rustavi 2014}) 10... Ng6 11. Bd3 {[%emt 0:00:39] LiveBook: 3 Games} Be7 12. Nbd2 Qc7 13. Re1 O-O-O $146 ({Predecessor:} 13... Nf4 14. Bc2 g5 15. Nf1 Rc8 16. Rc1 h5 {1-0 (37) Bax,F-Lui,K Hengelo 2000}) 14. Rc1 Kb8 15. b4 f6 16. Qe2 (16. Bxg6 $11 hxg6 17. Nb3) 16... Nf4 17. Qe3 Nxd3 18. Qxd3 Bc8 (18... Nxd4 $11 19. cxd4 Qb6) 19. b5 Nxd4 20. cxd4 ({Reject} 20. Qxd4 $6 Bc5 $11) 20... Qb6 21. Rc2 Bd7 22. Rb1 {[%emt 0:00:09] [#]} f5 $2 (22... Be8 $1 $19 23. Qe3 Bg6) 23. a4 Rc8 $1 24. Nb3 (24. Ra2 $1 $11) 24... Rxc2 25. Qxc2 Rc8 26. Qd3 Rc4 27. a5 Qxb5 28. Nc5 Rxc5 $19 (28... Bxc5 29. Qd1 Bb4) 29. Qxb5 Rxb5 0-1

[Event "Pia Cramling Ladies Open 2018"]
[Site "Stockholm"]
[Date "2018.09.02"]
[Round "6"]
[White "Fransson, Pia"]
[Black "Rinne, Heini"]
[Result "1-0"]
[ECO "D10"]
[WhiteElo "1549"]
[BlackElo "1760"]
[Annotator "NA"]
[PlyCount "75"]
[EventDate "2018.09.01"]
[EventType "swiss"]
[EventCountry "SWE"]
[SourceTitle "playchess.com"]
[Source "ChessBase"]
[SourceQuality "1"]
[TimeControl "1800+10"]

1. d4 d5 2. Nf3 Nf6 3. c4 c6 4. cxd5 cxd5 5. Nc3 Nc6 6. Bf4 a6 7. e3 Bg4 8. h3 Bxf3 9. Qxf3 e6 10. Bd3 Bd6 11. Bxd6 Qxd6 12. O-O O-O 13. Rac1 b5 14. Rfd1 Rfc8 15. Bb1 Qb4 16. Qe2 Na5 17. e4 dxe4 18. Nxe4 Nxe4 19. Qxe4 g6 20. b3 Qa3 21. Rc2 Rxc2 22. Qxa8+ Kg7 23. Bxc2 Qxa2 24. Qe4 Nxb3 25. Qe5+ f6 26. Qc7+ Kh6 27. Qf4+ Kg7 28. Bxb3 Qxb3 29. Qc1 a5 30. Re1 a4 31. Qb1 Qd5 32. Rc1 a3 33. Rc7+ Kg8 34. Qb4 a2 35. Ra7 e5 36. Qa3 exd4 37. Ra8+ Kg7 38. Qf8# 1-0

[Event "Pia Cramling Ladies Open 2018"]
[Site "Stockholm"]
[Date "2018.09.02"]
[Round "6"]
[White "Ristoja, Aulikki"]
[Black "Mirabdulla, Zulfiya"]
[Result "1-0"]
[ECO "D00"]
[WhiteElo "1530"]
[BlackElo "1350"]
[Annotator "NA"]
[PlyCount "63"]
[EventDate "2018.09.01"]
[EventType "swiss"]
[EventCountry "SWE"]
[SourceTitle "playchess.com"]
[Source "ChessBase"]
[SourceQuality "1"]
[TimeControl "1800+10"]

1. d4 d5 2. Bf4 Nf6 3. e3 a6 4. Bd3 Nc6 5. c3 e6 6. h3 h6 7. Nf3 Bd6 8. Ne5 Ne7 9. Nd2 Nd7 10. Ndf3 Nxe5 11. dxe5 Bc5 12. Rc1 Nc6 13. Nd4 Bxd4 14. exd4 Bd7 15. Qg4 g6 16. O-O h5 17. Qg5 Qxg5 18. Bxg5 Rf8 19. Bf6 Rg8 20. f4 Na7 21. c4 c6 22. cxd5 cxd5 23. Rc7 Rb8 24. b3 Bb5 25. Bxb5+ Nxb5 26. Re7+ Kf8 27. Rd1 Nc3 28. Rd2 Ne4 29. Rc2 Nxf6 30. exf6 g5 31. Rcc7 Rh8 32. Rxf7+ 1-0

[Event "Pia Cramling Ladies Open 2018"]
[Site "Stockholm"]
[Date "2018.09.02"]
[Round "7"]
[White "Tetenkina, Irina"]
[Black "Berg Laachiri, Susanna"]
[Result "1-0"]
[ECO "D34"]
[WhiteElo "2214"]
[BlackElo "1903"]
[Annotator "NA"]
[PlyCount "111"]
[EventDate "2018.09.01"]
[EventType "swiss"]
[EventCountry "SWE"]
[SourceTitle "playchess.com"]
[Source "ChessBase"]
[SourceQuality "1"]
[TimeControl "1800+10"]

1. Nf3 d5 2. g3 Nf6 3. Bg2 c5 4. c4 e6 5. O-O Be7 6. cxd5 exd5 7. d4 O-O 8. Nc3 Nc6 9. dxc5 Bxc5 10. Bg5 Be6 11. Rc1 Be7 12. Nd4 h6 13. Be3 {[%emt 0:04:35] D34: Tarrasch Defence: 6 g3 Nf6 7 Bg2 Be7 LiveBook: 36 Games} Ne5 (13... Qd7 14. Qa4 Rfc8 15. Rfd1 Ng4 16. Nxc6 bxc6 17. Bd4 Nf6 18. e4 Bg4 19. Rd2 Nxe4 20. Nxe4 dxe4 {½-½ (33) Georgiev,K (2662)-Berg,E (2583) Gibraltar 2008}) 14. Nxe6 fxe6 15. Bd4 $146 ({Predecessor:} 15. Bh3 Qd7 16. Qa4 Nc6 17. Nb5 Rfd8 18. Rfd1 a6 19. Nd4 Nxd4 20. Qxd4 Bd6 21. Bxh6 Rf8 22. Bf4 Rae8 23. Bxd6 Qxd6 24. e4 Qe7 25. exd5 exd5 26. Bg2 {1-0 (26) Gundavaa,B (2461)-Khamrakulov,D (2524) Subic Bay 2009}) 15... Nc6 16. Na4 e5 17. Bc5 e4 18. Qb3 Bxc5 19. Nxc5 Qe7 {[%emt 0:00:17] [#]} 20. Nxe4 $1 Kh8 21. Nxf6 Qxf6 22. e3 ({Bloß nicht} 22. Bxd5 $6 Nd4 $16) ({Finger weg von} 22. Qxd5 $6 Rad8 $18) 22... Ne7 23. Rc7 b6 24. Qa3 Ng6 25. Qc3 ({Auf keinen Fall} 25. Rxa7 Rxa7 26. Qxa7 d4 $18) 25... Ne5 26. Bxd5 Rad8 $18 27. Be4 a5 28. f4 Ng4 29. Qxf6 Nxf6 30. Bf3 Rfe8 31. Rc3 Nd5 32. Bxd5 Rxd5 33. Kg2 b5 34. Kf3 b4 35. Rc7 Rd3 36. Re1 a4 37. Rc4 Rb8 38. Rec1 Kh7 39. Ke2 Rd6 40. Rd1 Rdb6 41. Rd7 b3 42. a3 Ra8 43. Rcc7 Rg6 44. Kd3 h5 45. Ke2 Ra5 46. e4 h4 47. Kf3 hxg3 48. hxg3 Rh5 49. f5 Rgg5 50. Kf4 Kh6 51. Rc6+ g6 52. Rd8 Kg7 53. g4 Rh7 54. Rd7+ Kh6 55. Rxh7+ Kxh7 56. Kxg5 1-0

[Event "Pia Cramling Ladies Open 2018"]
[Site "Stockholm"]
[Date "2018.09.02"]
[Round "7"]
[White "Johansson, Viktoria"]
[Black "Cramling Bellon, Anna"]
[Result "1-0"]
[ECO "D31"]
[WhiteElo "2106"]
[BlackElo "2009"]
[Annotator "NA"]
[PlyCount "117"]
[EventDate "2018.09.01"]
[EventType "swiss"]
[EventCountry "SWE"]
[SourceTitle "playchess.com"]
[Source "ChessBase"]
[SourceQuality "1"]
[TimeControl "1800+10"]

1. d4 d5 2. c4 e6 3. Nc3 a6 4. Nf3 Nf6 5. cxd5 exd5 6. Bg5 {[%emt 0:00:08] D37: Queen's Gambit Declined: 5 Bf4} Be6 7. Qb3 {[%emt 0:01:03] LiveBook: 3 Games} (7. e3 Nbd7 8. Bd3 Bd6 9. Bf4 Qe7 10. O-O O-O 11. h3 Rfe8 12. Qc2 {½-½ (12) Aronian,L (2805)-Carlsen,M (2837) Riadh 2017}) 7... Nbd7 8. e3 c5 9. Be2 $146 ({Predecessor:} 9. Qxb7 Be7 10. Be2 O-O 11. Qb3 Qa5 12. O-O Rfc8 13. Ne5 Bd6 14. Nxd7 Nxd7 15. Bf3 cxd4 16. exd4 Rab8 17. Qc2 Qb4 18. Rfd1 Bc7 19. Qd3 Nb6 {½-½ (19) Zoldi,Z (2181)-Majzik,L (2295) Hungary 2009}) 9... Be7 10. O-O b5 11. a3 O-O 12. Rfd1 c4 13. Qc2 h6 14. Bh4 Re8 15. h3 (15. Ne5 $11) 15... Nh5 ({Black should play} 15... Bd6 $17) 16. Bxe7 Qxe7 $11 17. Re1 f5 18. Ne5 Nhf6 19. Rad1 Qd6 20. f4 Rab8 21. Bf3 a5 22. Ne2 Ne4 23. g4 Nxe5 24. fxe5 Qe7 25. Bxe4 fxe4 26. Nf4 Qh4 27. Qg2 b4 28. axb4 axb4 29. Rc1 Rb6 30. Rf1 Bf7 31. Kh2 Reb8 32. Rf2 Qe7 33. Qg3 Qc7 34. g5 hxg5 35. Qxg5 Qd8 36. Qf5 Qc8 37. Qg5 Qd8 38. Qg3 Qe7 39. Rg1 Be8 40. Nxd5 Qd7 41. Nxb6 Rxb6 42. Rfg2 Rg6 43. Qf4 Rxg2+ 44. Rxg2 Qd5 45. Qf6 Qf7 46. Qd6 Bd7 47. Qg6 Qxg6 48. Rxg6 c3 49. bxc3 bxc3 50. Rg1 Ba4 51. Rc1 c2 52. Kg3 Kf7 53. Kf4 Ke6 54. Kxe4 Bc6+ 55. Kf4 Ba4 56. e4 Bb3 57. h4 Kf7 58. d5 Ke7 59. Kf5 1-0

[Event "Pia Cramling Ladies Open 2018"]
[Site "Stockholm"]
[Date "2018.09.02"]
[Round "7"]
[White "Fransson, Angelina"]
[Black "Akerlund, Lucia"]
[Result "1-0"]
[ECO "C44"]
[WhiteElo "2004"]
[BlackElo "1339"]
[Annotator "NA"]
[PlyCount "85"]
[EventDate "2018.09.01"]
[EventType "swiss"]
[EventCountry "SWE"]
[SourceTitle "playchess.com"]
[Source "ChessBase"]
[SourceQuality "1"]
[TimeControl "1800+10"]

1. e4 e5 2. Nf3 Nc6 3. d4 exd4 4. Bc4 Bb4+ 5. c3 dxc3 6. bxc3 Ba5 7. Qb3 {[%emt 0:02:47] C44: Ponziani Opening and Scotch Gambit} Nh6 $146 ({Predecessor:} 7... Qe7 8. O-O h6 9. Ba3 d6 10. Nbd2 Bb6 11. e5 Be6 12. exd6 cxd6 13. Rae1 O-O-O 14. Bxe6+ fxe6 15. Rxe6 {1-0 (29) Meshkov,Y (2347)-Sinchurina,T (1967) Yerevan 2016}) 8. Bxh6 gxh6 9. Bxf7+ Kf8 10. O-O d6 11. Bh5 Qe7 12. Nd4 Nxd4 13. cxd4 Rg8 14. Qf3+ Kg7 15. Na3 Bd7 16. Nc4 Raf8 17. Qe3 Bb5 18. Nxa5 Bxf1 19. Rxf1 c6 20. Nc4 b5 21. Nd2 Qh4 22. Qg3+ Qg5 $18 23. f4 Qxg3 24. hxg3 Kh8 25. Kf2 c5 26. dxc5 dxc5 27. e5 Rd8 28. Ne4 Rd4 29. Re1 Rc8 30. e6 Rc7 31. Nxc5 Re7 32. Bf3 Kg7 33. Nd7 Rd2+ 34. Re2 Rxe6 35. Rxd2 b4 36. Ne5 a5 37. Rd7+ Kf8 38. Ra7 Rd6 39. Rxa5 Rd2+ 40. Ke3 Rb2 41. Ra7 b3 42. axb3 Rxb3+ 43. Ke4 1-0

[Event "Pia Cramling Ladies Open 2018"]
[Site "Stockholm"]
[Date "2018.09.02"]
[Round "7"]
[White "Olsson, Linn"]
[Black "Puuska, Heini"]
[Result "0-1"]
[ECO "A45"]
[WhiteElo "1703"]
[BlackElo "1961"]
[Annotator "NA"]
[PlyCount "96"]
[EventDate "2018.09.01"]
[EventType "swiss"]
[EventCountry "SWE"]
[SourceTitle "playchess.com"]
[Source "ChessBase"]
[SourceQuality "1"]
[TimeControl "1800+10"]

1. d4 Nf6 2. Nc3 d5 3. Nf3 h6 4. Bf4 c6 5. h3 Bf5 6. e3 e6 7. a3 Bd6 8. Be5 Bxe5 9. Nxe5 Nbd7 10. Nf3 O-O 11. Bd3 Bxd3 12. Qxd3 c5 13. b3 cxd4 14. exd4 Rc8 15. O-O Qc7 16. Nb5 Qb6 17. c4 a6 18. Nc3 Qxb3 19. c5 Ne4 20. Rfc1 Nxc3 21. Rxc3 Qa4 22. Rb3 Qc6 23. Rab1 Rc7 24. Qe2 Rb8 25. Ne5 Nxe5 26. Qxe5 Re8 27. Rb6 Qd7 28. Qe3 f6 29. Qb3 Re7 30. Rd6 Qc8 31. Re1 Rc6 32. Rxd5 Qc7 33. Rh5 b6 34. d5 Rxc5 35. Qe3 e5 36. Rh4 Qd6 37. Rg4 Kh8 38. Rh4 Rxd5 39. Qe2 b5 40. Rc1 Re8 41. Qh5 Rd8 42. Qg6 Rd1+ 43. Rxd1 Qxd1+ 44. Kh2 Qd2 45. Re4 Qxf2 46. Qh5 Rd4 47. Rxd4 Qxd4 48. Qf5 Qf4+ 0-1

[Event "Pia Cramling Ladies Open 2018"]
[Site "Stockholm"]
[Date "2018.09.02"]
[Round "7"]
[White "Lindberg, Cajsa"]
[Black "Tran, Alva Ling"]
[Result "1/2-1/2"]
[ECO "D35"]
[WhiteElo "1625"]
[BlackElo "1519"]
[Annotator "NA"]
[PlyCount "90"]
[EventDate "2018.09.01"]
[EventType "swiss"]
[EventCountry "SWE"]
[SourceTitle "playchess.com"]
[Source "ChessBase"]
[SourceQuality "1"]
[TimeControl "1800+10"]

1. d4 d5 2. c4 e6 3. Nc3 Nf6 4. cxd5 exd5 5. Bg5 c6 6. e3 Bf5 7. Qb3 Qb6 8. Qxb6 axb6 9. Bxf6 gxf6 10. g3 Nd7 11. Bg2 Bb4 12. Nge2 Ke7 13. O-O h5 14. h4 b5 15. e4 dxe4 16. Bxe4 Bxe4 17. Nxe4 Nb6 18. N2c3 Rhd8 19. Rfe1 Rxd4 20. a3 Bxc3 21. Nxc3+ Kf8 22. Re2 Rad8 23. Rae1 Rd2 24. Kf1 Nc4 25. Ne4 Rxe2 26. Rxe2 Kg7 27. Ke1 Re8 28. Nc5 Rxe2+ 29. Kxe2 Nxb2 30. Nxb7 Nc4 31. Kd3 Nxa3 32. Kd4 b4 33. Na5 c5+ 34. Kxc5 Nc2 35. Kc4 f5 36. Nc6 Kf6 37. Kb3 Ne1 38. Nxb4 Ke5 39. Kc3 Ke4 40. Kd2 Nf3+ 41. Ke2 Nd4+ 42. Kf1 f4 43. Kg2 fxg3 44. fxg3 f5 45. Na6 f4 1/2-1/2

[Event "Pia Cramling Ladies Open 2018"]
[Site "Stockholm"]
[Date "2018.09.02"]
[Round "7"]
[White "Fransson, Pia"]
[Black "Bengtsson, Siv"]
[Result "0-1"]
[ECO "D78"]
[WhiteElo "1549"]
[BlackElo "2111"]
[Annotator "NA"]
[PlyCount "50"]
[EventDate "2018.09.01"]
[EventType "swiss"]
[EventCountry "SWE"]
[SourceTitle "playchess.com"]
[Source "ChessBase"]
[SourceQuality "1"]
[TimeControl "1800+10"]

1. d4 Nf6 2. c4 g6 3. Nf3 Bg7 4. g3 O-O 5. Bg2 d5 6. O-O c6 7. b3 Bf5 8. Nc3 Ne4 9. Bb2 dxc4 {[%emt 0:00:48] D78: Fianchetto Grünfeld: 6 0-0 c6} (9... Nxc3 10. Bxc3 Be4 11. e3 Nd7 12. Qe2 Nf6 13. Rfc1 Qd6 14. Bb2 a5 15. Ne5 Bxg2 16. Kxg2 a4 17. Nd3 {½-½ (102) Carlsen,M (2853)-Nakamura,H (2787) chess.com INT 2016}) 10. Nxe4 $146 ({Predecessor:} 10. bxc4 c5 11. Na4 cxd4 12. Nxd4 Bxd4 13. Bxd4 Nc6 14. Be3 Qxd1 15. Rfxd1 Nd6 16. Rac1 Rfd8 17. h3 Rac8 18. g4 Be6 19. Nc5 Nxc4 20. Rxd8+ Nxd8 21. Nxe6 Nxe6 22. Bxa7 Ra8 23. Rxc4 Rxa7 24. Bd5 Ra5 {½-½ (24) Ribli,Z (2595)-Yermolinsky,A (2595) Manila 1992}) 10... Bxe4 11. e3 cxb3 12. Qxb3 Qb6 13. Ba3 Qxb3 14. axb3 Re8 15. Rfc1 Nd7 16. b4 Bxf3 17. Bxf3 e5 18. Bb2 exd4 19. Bxd4 Bxd4 20. exd4 a6 21. d5 Ne5 22. Bg2 cxd5 23. Bxd5 Re7 24. Re1 (24. b5 $5) 24... Rd8 25. Rad1 $2 {[%emt 0:02:04] [#]} (25. Bg2 $15) 25... Rxd5 $19 0-1

[Event "Pia Cramling Ladies Open 2018"]
[Site "Stockholm"]
[Date "2018.09.02"]
[Round "7"]
[White "Johansson-Ohman, Linnea"]
[Black "Ristoja, Aulikki"]
[Result "0-1"]
[ECO "D10"]
[WhiteElo "1495"]
[BlackElo "1530"]
[Annotator "NA"]
[PlyCount "86"]
[EventDate "2018.09.01"]
[EventType "swiss"]
[EventCountry "SWE"]
[SourceTitle "playchess.com"]
[Source "ChessBase"]
[SourceQuality "1"]
[TimeControl "1800+10"]

1. d4 d5 2. c4 c6 3. cxd5 cxd5 4. Nc3 e6 5. Nf3 Nc6 6. a3 a6 7. Bf4 Bd6 8. Bxd6 Qxd6 9. e3 Nf6 10. Be2 h6 11. O-O Bd7 12. Rc1 Rc8 13. Na4 O-O 14. Nc5 Qb8 15. Qb3 Rc7 16. Qa2 Rfc8 17. b4 Be8 18. Bxa6 bxa6 19. Nxa6 Qb6 20. Nxc7 Rxc7 21. Rc2 Ra7 22. Qb2 Ne4 23. Ra1 Ne7 24. Ne5 Nd6 25. h3 f6 26. Nd3 Nc4 27. Qc1 Kf7 28. Nc5 Bb5 29. e4 f5 30. e5 Be8 31. Rc3 Nc6 32. Qd1 Nb2 33. Qc2 Nc4 34. Qd1 Qb5 35. a4 Qxb4 36. Rb3 Qa5 37. Rb5 Qc3 38. Rc1 Qxd4 39. Qh5+ Ke7 40. Qe2 Qxe5 41. Re1 Qxe2 42. Rxe2 Nd4 43. Re1 Bxb5 0-1

[Event "Pia Cramling Ladies Open 2018"]
[Site "Stockholm"]
[Date "2018.09.02"]
[Round "7"]
[White "Ostensson, Julia"]
[Black "Berg, Maria"]
[Result "0-1"]
[ECO "C46"]
[WhiteElo "1375"]
[BlackElo "1722"]
[Annotator "NA"]
[PlyCount "80"]
[EventDate "2018.09.01"]
[EventType "swiss"]
[EventCountry "SWE"]
[SourceTitle "playchess.com"]
[Source "ChessBase"]
[SourceQuality "1"]
[TimeControl "1800+10"]

1. e4 e5 2. Nf3 Nc6 3. Nc3 Bc5 4. Bb5 a6 5. Bxc6 dxc6 6. O-O Qd6 7. d3 Bg4 8. Bg5 f6 9. Be3 O-O-O 10. Bxc5 Qxc5 11. a3 Ne7 12. Re1 g5 13. Qe2 Kb8 14. Qe3 Qd6 15. Ne2 h5 16. Ng3 Bc8 17. Nd2 h4 18. Ne2 g4 19. f3 gxf3 20. Qxf3 Rdg8 21. Rf1 Bg4 22. Qf2 Bh3 23. Kh1 Bxg2+ 24. Qxg2 Rxg2 25. Kxg2 Qe6 26. Kf2 Qh3 27. Nf3 Rg8 28. Rg1 Rg6 29. Rab1 Rh6 30. Rg2 Qe6 31. Ra1 h3 32. Rg3 Ng6 33. Rag1 Nf4 34. Nxf4 exf4 35. Rg4 Qd6 36. Rg8+ Ka7 37. R8g4 Qc5+ 38. Kf1 Qe3 39. b3 Qxf3+ 40. Ke1 Qe3+ 0-1